 Dungeon Crawl Stone Soup version 0.23-a0-419-g0174fd8 (webtiles) character file.

2965 Mgcat the Nimble (level 9, 0/70 (71) HPs)
             Began as a Gnoll Gladiator on Nov 13, 2018.
             Was an Initiate of Gozag.
             Slain by Joseph
             ... wielding a +0 quarterstaff of draining
              (10 damage)
             ... on level 7 of the Dungeon.
             The game lasted 00:15:54 (6780 turns).

Mgcat the Nimble (Gnoll Gladiator)                  Turns: 6780, Time: 00:15:54

HP:   0/70 (71)     AC: 13    Str: 20    XL:     9   Next: 82%
MP:   15/15         EV: 18    Int: 16    God:    Gozag
Gold: 1125          SH:  6    Dex: 21    Spells: 17/17 levels left

rFire    + . .     SeeInvis .   i - +5 mace
rCold    . . .     Gourm    .   k - +0 buckler
rNeg     . . .     Faith    .   v - +1 chain mail {rF+}
rPois    +         Spirit   .   c - +0 helmet
rElec    .         Reflect  .   (no cloak)
rCorr    .         Harm     .   (no gloves)
MR       .....     Rnd*Rage +   m - +0 pair of boots
Stlth    +.........             (no amulet)
HPRegen  0.21/turn              (no ring)
MPRegen  0.14/turn              (no ring)

@: brilliant, agile, gold aura, hasted, very quick
A: distributed training, fangs 1, berserk 1, poison resistance, strong nose
a: Potion Petition, Call Merchant, Bribe Branch, Renounce Religion


You were on level 7 of the Dungeon.
You worshipped Gozag.
Gozag was most pleased with you.
You were near starving.

You visited 1 branch of the dungeon, and saw 8 of its levels.

You collected 1125 gold pieces.

Inventory:

Hand Weapons
 i - a +5 mace (weapon)
   (You took it off a wight on level 6 of the Dungeon)
Missiles
 d - 4 throwing nets {=f, !d}
Armour
 c - a +0 helmet (worn)
 k - a +0 buckler (worn)
   (You found it on level 6 of the Dungeon)
 m - a +0 pair of boots (worn)
   (You found it on level 2 of the Dungeon)
 v - a +1 chain mail of fire resistance (worn)
   (You found it on level 6 of the Dungeon)
 x - the +0 leather armour of Rooj {rPois}
   (You took it off an orc on level 6 of the Dungeon)

   It protects you from poison.
Wands
 q - a wand of random effects (9)
   (You found it on level 5 of the Dungeon)
 w - a wand of iceblast (7)
   (You took it off an orc on level 6 of the Dungeon)
Scrolls
 h - 2 scrolls of remove curse {unknown}
 j - 6 scrolls of identify {unknown}
 l - 3 scrolls of enchant weapon {unknown}
 o - a scroll of magic mapping {!r}
 p - a scroll of teleportation
 r - a scroll of amnesia {unknown}
 s - a scroll of immolation {unknown}
 u - 2 scrolls of fog {unknown}
Potions
 a - a potion of flight
 g - 2 potions of mutation {!q}
 n - a potion of resistance
 t - a potion of agility
 A - a potion of magic
Comestibles
 f - 6 rations


   Skills:
 + Level 6.5 Fighting
 + Level 4.5 Short Blades
 + Level 4.5 Long Blades
 + Level 4.5 Axes
 + Level 8.0 Maces & Flails
 + Level 4.5 Polearms
 + Level 4.5 Staves
 + Level 4.5 Slings
 + Level 4.5 Bows
 + Level 4.5 Crossbows
 + Level 6.5 Throwing
 + Level 4.5 Armour
 + Level 8.0 Dodging
 + Level 4.5 Stealth
 + Level 4.5 Shields
 + Level 4.5 Unarmed Combat
 + Level 4.5 Spellcasting
 + Level 3.7 Conjurations
 + Level 3.7 Hexes
 + Level 3.7 Charms
 + Level 3.7 Summonings
 + Level 3.7 Necromancy
 + Level 3.7 Translocations
 + Level 3.7 Transmutations
 + Level 3.7 Fire Magic
 + Level 3.7 Ice Magic
 + Level 3.7 Air Magic
 + Level 3.7 Earth Magic
 + Level 3.7 Poison Magic
 + Level 5.0 Invocations
 + Level 4.5 Evocations


You had 17 spell levels left.
You didn't know any spells.
Your spell library contained the following spells:

 Spells                   Type           Power        Failure   Level  Hunger
 Infusion                 Chrm           ####         4%          1    None
 Shroud of Golubria       Chrm/Tloc      ####......   6%          2    ##.....
 Song of Slaying          Chrm           ####....     6%          2    ##.....
 Regeneration             Chrm/Necr      ####......   11%         3    ###....
 Spectral Weapon          Hex/Chrm       ####....     11%         3    ###....


Dungeon Overview and Level Annotations

Branches:
Dungeon (8/15)             Temple (0/1) D:7
   Lair: D:8-11

Altars:
Ashenzari
Dithmenos
Fedhas
Gozag
Nemelex Xobeh
Qazlal
Xom
Yredelemnul
Zin
The Shining One

Annotations:
D:5 2 transporters
D:7 Dowan, Joseph


Innate Abilities, Weirdness & Mutations

Your experience applies equally to all skills.
You have very sharp teeth.
Your uncanny sense of smell can sniff out nearby items.
You tend to lose your temper in combat.
Your system is resistant to poisons. (rPois)


Message History

The hippogriff claws you but does no damage.
You sock the hippogriff!
The hippogriff is almost dead.
The hippogriff bites you but does no damage.
The hippogriff pecks you but does no damage.
The hippogriff barely misses you.
You hit the hippogriff.
You kill the hippogriff!
Your Maces & Flails skill increases to level 8!
Your Dodging skill increases to level 8!
Joseph unwields a +0 quarterstaff of draining.
Joseph wields a +0 hunting sling.
Joseph shoots a sling bullet.
The sling bullet hits you!
You sock the hound!
The hound is heavily wounded.
The hound closely misses you. The hound bites you but does no damage.
Your chain mail prevents you from hitting the hound.
You bite the hound.
The hound is heavily wounded.
The hound closely misses you.
The orc warrior becomes distracted by the nearby gold, dreaming of imaginary Your chain mail prevents you from hitting the hound.
The orc warrior shouts!
You bite the hound, but do no damage.
The hound is heavily wounded.
You block the hound's attack. The hound closely misses you.
You barely miss the hound.
The hound is heavily wounded.
The hound becomes distracted by the nearby gold, dreaming of imaginary riches.
You catch the helpless hound completely off-guard!
You sock the hound!
You kill the hound!
Joseph shoots a sling bullet.
The sling bullet hits you but does no damage.
The orc warrior is no longer distracted by gold.
Joseph shoots a sling bullet.
Reactivating autopickup.
The orc warrior hits you with a cursed -3 war axe!
Items here: $ ( ) [[ 15 gold pieces; 2 sling bullets; a +0 ring mail; a +0 whip a cursed +0 ring mail You sock the orc warrior!
The orc warrior is heavily wounded.
You hit the orc warrior but do no damage.
The orc warrior is heavily wounded.
The orc warrior hits you with a cursed -3 war axe!
* * * LOW HITPOINT WARNING * * *
You completely miss the orc warrior.
You bite the orc warrior, but do no damage.
The orc warrior is heavily wounded.
The orc warrior hits you with a cursed -3 war axe.
* * * LOW HITPOINT WARNING * * *
You barely miss the orc warrior.
The orc warrior is heavily wounded.
The orc warrior misses you.
Okay, then.
Unknown command.
It was a potion of agility.
You feel agile all of a sudden. The orc warrior closely misses you.
It was a potion of brilliance.
You feel clever all of a sudden. You block the orc warrior's attack.
It was a potion of haste.
You feel yourself speed up.
Okay, then.
Unknown command.
You hit the orc warrior.
You bite the orc warrior, but do no damage.
The orc warrior is severely wounded.
The orc warrior misses you.
You hit the orc warrior but do no damage.
The orc warrior is severely wounded.
The orc warrior closely misses you.
You closely miss the orc warrior.
The orc warrior is severely wounded.
You barely miss the orc warrior.
The orc warrior is severely wounded.
The orc warrior completely misses you.
You hit the orc warrior.
The orc warrior is severely wounded.
You completely miss the orc warrior.
You bite the orc warrior, but do no damage.
The orc warrior is severely wounded.
You block the orc warrior's attack.
You hit the orc warrior.
The orc warrior is almost dead.
You hit the orc warrior but do no damage.
The orc warrior is almost dead.
The orc warrior closely misses you.
You sock the orc warrior!
You kill the orc warrior!
Your Invocations skill increases to level 5!
Joseph shoots a sling bullet.
The sling bullet hits you!
* * * LOW HITPOINT WARNING * * *
Joseph unwields a +0 hunting sling.
Joseph wields a +0 quarterstaff of draining.
You sense an unholy aura.
Joseph hits you with a +0 quarterstaff of draining!
You die...
Your body crumbles into a pile of gold.

#........'.........'...........
#.#...####.........####....####
#.##.## *#.......## #....# *
#.#### ##.....## #.#### #.#
##...## #.# #.### ##'## #.#
#...# #.# #.# ###.# #$# *.#
###.### ##@## *,*
#.....#######.@.###****,*
#.###.#...........,,,,,,* #.#
#.).....#...#.#**,***
#.###.#.###.#...#.# *,*
#.....#.# #.#.<.#.# *,*
#######.###.......# *,*
#.........### *,*
#######).######.*


You could see Joseph.

Vanquished Creatures
  Pikel (D:7)
  A hippogriff (D:7)
  Edmund (D:4)
  Duvessa (D:7)
  4 slaves (D:7)
  2 orc warriors (D:7)
  A necrophage (D:7)
  A sky beast (D:6)
  An ice beast (D:8)
  2 ogres (D:6)
  2 centaurs (D:5)
  Blork the orc (D:4)
  A big kobold (D:7)
  A bullfrog (D:6)
  9 wights (D:6)
  3 bullfrog zombies
  3 orc priests
  3 hounds
  2 jellies
  A centaur skeleton (D:4)
  4 orc wizards
  An iguana (D:6)
  A worker ant (D:4)
  A hound skeleton (D:6)
  6 adders
  A gnoll (D:1)
  A shadow imp (D:2)
  An ooze (D:3)
  2 adder skeletons
  A worm (D:2)
  2 dart slugs
  4 leopard geckos
  23 orcs
  A ball python (D:2)
  6 giant cockroaches
  14 goblins
  14 hobgoblins
  2 jackals (D:3)
  2 quokkas
  A ball python skeleton (D:4)
  4 bats
  6 frilled lizards
  A jackal skeleton (D:4)
  14 kobolds
  7 rats
161 creatures vanquished.

Vanquished Creatures (others)
  An orc wizard (D:7)
  A plant (D:2)
2 creatures vanquished.

Grand Total: 163 creatures vanquished

Notes
Turn   | Place    | Note
-------+----------+-------------------------------------------
     0 | D:1      | Mgcat the Gnoll Gladiator began the quest for the Orb.
     0 | D:1      | Reached XP level 1. HP: 20/20 MP: 1/1
   107 | D:1      | Reached XP level 2. HP: 24/26 MP: 2/2
   475 | D:1      | Reached XP level 3. HP: 31/31 MP: 3/3
   904 | D:2      | Reached skill level 1 in Invocations
   997 | D:2      | Found a faded altar of an unknown god.
  1017 | D:2      | Became a worshipper of Gozag Ym Sagoz the Greedy
  1054 | D:2      | Reached skill level 1 in Short Blades
  1054 | D:2      | Reached skill level 1 in Long Blades
  1054 | D:2      | Reached skill level 1 in Axes
  1054 | D:2      | Reached skill level 1 in Polearms
  1054 | D:2      | Reached skill level 1 in Staves
  1054 | D:2      | Reached skill level 1 in Slings
  1054 | D:2      | Reached skill level 1 in Bows
  1054 | D:2      | Reached skill level 1 in Crossbows
  1054 | D:2      | Reached skill level 1 in Armour
  1054 | D:2      | Reached skill level 1 in Stealth
  1054 | D:2      | Reached skill level 1 in Shields
  1054 | D:2      | Reached skill level 1 in Unarmed Combat
  1054 | D:2      | Reached skill level 1 in Spellcasting
  1054 | D:2      | Reached skill level 1 in Evocations
  1054 | D:2      | Reached XP level 4. HP: 28/38 MP: 5/5
  1523 | D:2      | Found a sparkling altar of Nemelex Xobeh.
  2003 | D:2      | Reached skill level 1 in Conjurations
  2003 | D:2      | Reached skill level 1 in Hexes
  2003 | D:2      | Reached skill level 1 in Charms
  2003 | D:2      | Reached skill level 1 in Summonings
  2003 | D:2      | Reached skill level 1 in Necromancy
  2003 | D:2      | Reached skill level 1 in Translocations
  2003 | D:2      | Reached skill level 1 in Transmutations
  2003 | D:2      | Reached skill level 1 in Fire Magic
  2003 | D:2      | Reached skill level 1 in Ice Magic
  2003 | D:2      | Reached skill level 1 in Air Magic
  2003 | D:2      | Reached skill level 1 in Earth Magic
  2003 | D:2      | Reached skill level 1 in Poison Magic
  2110 | D:3      | Reached XP level 5. HP: 33/43 MP: 6/6
  2422 | D:3      | HP: 8/43 [orc/+0 club (6)]
  2431 | D:3      | HP: 6/43 [orc/tomahawk (2)]
  2436 | D:3      | HP: 4/43 [orc/+0 club (2)]
  2439 | D:3      | Gained mutation: You tend to lose your temper in combat.
                  | [potion of mutation]
  2439 | D:3      | Gained mutation: Your system is resistant to poisons.
                  | (rPois) [potion of mutation]
  2449 | D:3      | HP: 6/64 [orc/+0 hand axe (2)]
  2788 | D:3      | Reached skill level 2 in Invocations
  2788 | D:3      | Reached XP level 6. HP: 26/50 MP: 8/8
  3262 | D:4      | Reached skill level 5 in Fighting
  3262 | D:4      | Reached skill level 5 in Throwing
  3272 | D:4      | Noticed Blork the orc
  3274 | D:4      | Killed Blork the orc
  3274 | D:4      | Reached skill level 2 in Short Blades
  3274 | D:4      | Reached skill level 2 in Long Blades
  3274 | D:4      | Reached skill level 2 in Axes
  3274 | D:4      | Reached skill level 2 in Polearms
  3274 | D:4      | Reached skill level 2 in Staves
  3274 | D:4      | Reached skill level 2 in Slings
  3274 | D:4      | Reached skill level 2 in Bows
  3274 | D:4      | Reached skill level 2 in Crossbows
  3274 | D:4      | Reached skill level 2 in Armour
  3274 | D:4      | Reached skill level 2 in Stealth
  3274 | D:4      | Reached skill level 2 in Shields
  3274 | D:4      | Reached skill level 2 in Unarmed Combat
  3274 | D:4      | Reached skill level 2 in Spellcasting
  3274 | D:4      | Reached skill level 2 in Evocations
  3280 | D:4      | Noticed Edmund
  3297 | D:4      | Killed Edmund
  3297 | D:4      | Reached XP level 7. HP: 44/56 MP: 10/10
  3417 | D:4      | Reached skill level 7 in Maces & Flails
  3417 | D:4      | Reached skill level 7 in Dodging
  3917 | D:5      | Entered Level 5 of the Dungeon
  4051 | D:5      | Found a shadowy altar of Dithmenos.
  4170 | D:5      | You fall through a shaft for 3 floors!
  4205 | D:8      | Found a shimmering altar of Xom.
  4206 | D:8      | Found a shimmering altar of Xom.
  4206 | D:8      | Found a shimmering altar of Xom.
  4225 | D:8      | Found a stormy altar of Qazlal.
  4226 | D:8      | Found a glowing silver altar of Zin.
  4227 | D:8      | Found a shimmering altar of Xom.
  4227 | D:8      | Found a blossoming altar of Fedhas.
  4227 | D:8      | Found a basalt altar of Yredelemnul.
  4228 | D:8      | Found a shimmering altar of Xom.
  4243 | D:8      | Reached skill level 2 in Conjurations
  4243 | D:8      | Reached skill level 2 in Hexes
  4243 | D:8      | Reached skill level 2 in Charms
  4243 | D:8      | Reached skill level 2 in Summonings
  4243 | D:8      | Reached skill level 2 in Necromancy
  4243 | D:8      | Reached skill level 2 in Translocations
  4243 | D:8      | Reached skill level 2 in Transmutations
  4243 | D:8      | Reached skill level 2 in Fire Magic
  4243 | D:8      | Reached skill level 2 in Ice Magic
  4243 | D:8      | Reached skill level 2 in Air Magic
  4243 | D:8      | Reached skill level 2 in Earth Magic
  4243 | D:8      | Reached skill level 2 in Poison Magic
  4441 | D:7      | Found a staircase to the Ecumenical Temple.
  4453 | D:6      | Reached skill level 3 in Invocations
  4542 | D:6      | Reached XP level 8. HP: 52/63 MP: 12/12
  4599 | D:6      | HP: 11/63 [wight/+0 halberd (6)]
  4600 | D:6      | HP: 4/63 [wight/+3 falchion (7)]
  4601 | D:6      | Reached skill level 3 in Short Blades
  4601 | D:6      | Reached skill level 3 in Long Blades
  4601 | D:6      | Reached skill level 3 in Axes
  4601 | D:6      | Reached skill level 3 in Polearms
  4601 | D:6      | Reached skill level 3 in Staves
  4601 | D:6      | Reached skill level 3 in Slings
  4601 | D:6      | Reached skill level 3 in Bows
  4601 | D:6      | Reached skill level 3 in Crossbows
  4601 | D:6      | Reached skill level 3 in Armour
  4601 | D:6      | Reached skill level 3 in Stealth
  4601 | D:6      | Reached skill level 3 in Shields
  4601 | D:6      | Reached skill level 3 in Unarmed Combat
  4601 | D:6      | Reached skill level 3 in Spellcasting
  4601 | D:6      | Reached skill level 3 in Evocations
  4605 | D:6      | HP: 5/94 [wight/+0 halberd (3)]
  4997 | D:5      | Found a transporter.
  5029 | D:5      | Found a transporter.
  5295 | D:5      | Found a glowing golden altar of the Shining One.
  5295 | D:5      | Found a shattered altar of Ashenzari.
  5514 | D:6      | Reached skill level 4 in Invocations
  5565 | D:6      | Identified the +0 leather armour of Rooj {rPois}
  5591 | D:6      | Reached skill level 3 in Conjurations
  5591 | D:6      | Reached skill level 3 in Hexes
  5591 | D:6      | Reached skill level 3 in Charms
  5591 | D:6      | Reached skill level 3 in Summonings
  5591 | D:6      | Reached skill level 3 in Necromancy
  5591 | D:6      | Reached skill level 3 in Translocations
  5591 | D:6      | Reached skill level 3 in Transmutations
  5591 | D:6      | Reached skill level 3 in Fire Magic
  5591 | D:6      | Reached skill level 3 in Ice Magic
  5591 | D:6      | Reached skill level 3 in Air Magic
  5591 | D:6      | Reached skill level 3 in Earth Magic
  5591 | D:6      | Reached skill level 3 in Poison Magic
  5691 | D:6      | Reached skill level 6 in Fighting
  5691 | D:6      | Reached skill level 6 in Throwing
  5691 | D:6      | Reached XP level 9. HP: 24/69 MP: 14/14
  6046 | D:7      | Noticed Pikel
  6301 | D:7      | Noticed Duvessa
  6307 | D:7      | Noticed Dowan
  6310 | D:7      | Killed Pikel
  6310 | D:7      | Reached skill level 4 in Short Blades
  6310 | D:7      | Reached skill level 4 in Long Blades
  6310 | D:7      | Reached skill level 4 in Axes
  6310 | D:7      | Reached skill level 4 in Polearms
  6310 | D:7      | Reached skill level 4 in Staves
  6310 | D:7      | Reached skill level 4 in Slings
  6310 | D:7      | Reached skill level 4 in Bows
  6310 | D:7      | Reached skill level 4 in Crossbows
  6310 | D:7      | Reached skill level 4 in Armour
  6310 | D:7      | Reached skill level 4 in Stealth
  6310 | D:7      | Reached skill level 4 in Shields
  6310 | D:7      | Reached skill level 4 in Unarmed Combat
  6310 | D:7      | Reached skill level 4 in Spellcasting
  6310 | D:7      | Reached skill level 4 in Evocations
  6336 | D:7      | Noticed Joseph
  6453 | D:7      | Killed Duvessa
  6467 | D:7      | HP: 6/70 [orc priest/divine providence (14)]
  6756 | D:7      | Reached skill level 8 in Maces & Flails
  6756 | D:7      | Reached skill level 8 in Dodging
  6766 | D:7      | HP: 16/70 [orc warrior/cursed -3 war axe (3)]
  6779 | D:7      | Reached skill level 5 in Invocations
  6779 | D:7      | HP: 10/70 [Joseph/sling bullet (8)]
  6780 | D:7      | Slain by Joseph

Vault maps used:
D:1:      matt_arrival_grand_opening, minivault_4
D:2:      cheibrodos_greedy_goblins, lemuel_coloured_pillars_altar,
          serial_bayou, serial_bayou_pond_b, serial_bayou_lagoon_b,
          serial_bayou_pond_e, serial_bayou_shore_a, serial_bayou_crossing,
          chequers_ecumenical_altar_simple_redux
D:4:      corexii_item_surrounded_by_moat, minmay_statues_item,
          uniq_blork_the_orc, uniq_edmund
D:5:      gammafunk_wand_slinger, gammafunk_temple_overflow_wave, first_ration,
          minmay_misc_feat_five, nicolae_dithmenos_the_darkroom
D:6:      chequers_serial_rivers_small_a
D:7:      lemuel_doored_altar, minmay_temple_entry_glass,
          kennysheep_generic_room_4, uniq_pikel, uniq_joseph, uniq_duvessa
D:8:      hangedman_cross_stitches, xom_redecorated, grunt_temple_overflow_open,
          st_stairs_14, uniq_grum

Skill      XL: |  1  2  3  4  5  6  7  8  9 |
---------------+----------------------------+-----
Invocations    | 1 2 3 4 5 |  5.0
Short Blades   | 1 2 3 4 |  4.5
Long Blades    | 1 2 3 4 |  4.5
Axes           | 1 2 3 4 |  4.5
Polearms       | 1 2 3 4 |  4.5
Staves         | 1 2 3 4 |  4.5
Slings         | 1 2 3 4 |  4.5
Bows           | 1 2 3 4 |  4.5
Crossbows      | 1 2 3 4 |  4.5
Armour         | 1 2 3 4 |  4.5
Stealth        | 1 2 3 4 |  4.5
Shields        | 1 2 3 4 |  4.5
Unarmed Combat | 1 2 3 4 |  4.5
Spellcasting   | 1 2 3 4 |  4.5
Evocations     | 1 2 3 4 |  4.5
Conjurations   | 1 2 3 |  3.7
Hexes          | 1 2 3 |  3.7
Charms         | 1 2 3 |  3.7
Summonings     | 1 2 3 |  3.7
Necromancy     | 1 2 3 |  3.7
Translocations | 1 2 3 |  3.7
Transmutations | 1 2 3 |  3.7
Fire Magic     | 1 2 3 |  3.7
Ice Magic      | 1 2 3 |  3.7
Air Magic      | 1 2 3 |  3.7
Earth Magic    | 1 2 3 |  3.7
Poison Magic   | 1 2 3 |  3.7
Fighting       | 5 6 |  6.5
Throwing       | 5 6 |  6.5
Maces & Flails | 7 8 |  8.0
Dodging        | 7 8 |  8.0

Action                   |  1- 3 |  4- 6 |  7- 9 || total
-------------------------+-------+-------+-------++-------
Melee: Mace              |    91 |   236 |   362 ||   689
       Bite              |    12 |    22 |    48 ||    82
       Punch             |       |     1 |       ||     1
Evoke: Wand              |       |     6 |     4 ||    10
  Use: Potion            |       |     6 |     4 ||    10
       Scroll            |       |       |     4 ||     4
 Stab: Sleeping          |     2 |     3 |       ||     5
       Distracted        |       |       |     2 ||     2
  Eat: Chunk             |     1 |       |       ||     1
       Ration            |       |     2 |     3 ||     5
Armor: Leather armour    |    17 |    32 |       ||    49
       Skin              |       |     6 |       ||     6
       Chain mail        |       |    31 |   145 ||   176
Dodge: Dodged            |    75 |   165 |   167 ||   407
Block: Buckler           |       |       |    66 ||    66

Table legend:
 A = Non-vault XP
 B = Vault XP
 C = Vault XP percentage of total XP
 D = Non-vault monster count
 E = Vault monster count
 F = Vault count percentage of total count
                 A         B        C        D         E       F
            +---------+---------+-------+---------+---------+-------
      Total |    3016 |    1220 |  28.8 |     142 |      15 |   9.6
            +---------+---------+-------+---------+---------+-------
        D:1 |      51 |       0 |   0.0 |      23 |       0 |   0.0
        D:2 |      74 |      18 |  19.6 |      17 |      10 |  37.0
        D:3 |     215 |       0 |   0.0 |      38 |       0 |   0.0
        D:4 |     160 |     264 |  62.3 |      12 |       2 |  14.3
        D:5 |     272 |       0 |   0.0 |       4 |       0 |   0.0
        D:6 |    1243 |       0 |   0.0 |      27 |       0 |   0.0
        D:7 |     951 |     816 |  46.2 |      19 |       2 |   9.5
        D:8 |      50 |     122 |  70.9 |       2 |       1 |  33.3
            +---------+---------+-------+---------+---------+-------

Vault maps used:
D:1:      matt_arrival_grand_opening, minivault_4
D:2:      cheibrodos_greedy_goblins, lemuel_coloured_pillars_altar,
          serial_bayou, serial_bayou_pond_b, serial_bayou_lagoon_b,
          serial_bayou_pond_e, serial_bayou_shore_a, serial_bayou_crossing,
          chequers_ecumenical_altar_simple_redux
D:4:      corexii_item_surrounded_by_moat, minmay_statues_item,
          uniq_blork_the_orc, uniq_edmund
D:5:      gammafunk_wand_slinger, gammafunk_temple_overflow_wave, first_ration,
          minmay_misc_feat_five, nicolae_dithmenos_the_darkroom
D:6:      chequers_serial_rivers_small_a
D:7:      lemuel_doored_altar, minmay_temple_entry_glass,
          kennysheep_generic_room_4, uniq_pikel, uniq_joseph, uniq_duvessa
D:8:      hangedman_cross_stitches, xom_redecorated, grunt_temple_overflow_open,
          st_stairs_14, uniq_grum

Table legend:
 A = Turns spent in this place as a percentage of turns spent in the entire game.
 B = Non-inter-level travel turns spent in this place as a percentage of non-inter-level travel turns spent in the entire game.
 C = Inter-level travel turns spent in this place as a percentage of turns spent in this place.
 D = Turns resting spent in this place as a percentage of non-inter-level travel turns spent in this place.
 E = Turns spent auto-exploring this place as a percentage of non-inter-level travel turns spent in this place.
 F = Non-inter-level travel turns spent in this place divided by the number of levels of this place that you've seen.
                   A       B       C       D       E      F
               +-------+-------+-------+-------+-------+----------------------
         Total | 100.0 | 100.0 |   2.4 |   7.4 |  70.0 | 827.2
       Dungeon | 100.0 | 100.0 |   2.4 |   7.4 |  70.0 | 827.2
               +-------+-------+-------+-------+-------+----------------------

Table legend:
 A = Kills in this place as a percentage of kills in entire the game.
 B = Kills by you in this place as a percentage of kills by you in the entire game.
 C = Kills by friends in this place as a percentage of kills by friends in the entire game.
 D = Other kills in this place as a percentage of other kills in the entire game.
 E = Experience gained in this place as a percentage of experience gained in the entire game.
 F = Experience gained in this place divided by the number of levels of this place that you have seen.
                   A       B       C       D       E      F
               +-------+-------+-------+-------+-------+----------------------
         Total | 100.0 | 100.0 |   N/A |   N/A | 100.0 | 529.5
       Dungeon | 100.0 | 100.0 |   N/A |   N/A | 100.0 | 529.5
               +-------+-------+-------+-------+-------+----------------------
